 Dungeon Crawl Stone Soup version 0.20.1-1-g8b1a95d (webtiles) character file.

1758 Gargoyl the Chopper (level 8, -5/74 HPs)
             Began as a Deep Dwarf Berserker on July 14, 2017.
             Was an Elder of Trog.
             Slain by Joseph
             ... wielding a +0 quarterstaff
              (8 damage)
             ... on level 7 of the Dungeon.
             The game lasted 00:12:59 (5340 turns).

Gargoyl the Chopper (Deep Dwarf Berserker)          Turns: 5340, Time: 00:13:00

Health: -5/74      AC:  9    Str: 22    XL:     8   Next: 79%
Magic:  2/2        EV:  8    Int:  8    God:    Trog [****..]
Gold:   89         SH: 12    Dex: 13    Spells: 7/7 levels left

rFire    . . .     SeeInvis .   a - +1 hand axe (flame)
rCold    + . .     Gourm    .   h - +2 shield
rNeg     . . .     Faith    .   q - +0 chain mail
rPois    .         Spirit   .   (no helmet)
rElec    .         Reflect  .   (no cloak)
rCorr    .         Harm     .   (no gloves)
MR       +....                  (no boots)
Stlth    ..........             (no amulet)
Regen    0.0/turn               (no ring)
MPRegen  0.1/turn               l - ring of protection from cold

@: non-regenerating
A: damage resistance, heal wounds, sense surroundings 1, no regeneration
a: Heal Wounds, Berserk, Trog's Hand, Brothers in Arms, Burn Spellbooks,
Renounce Religion


You were on level 7 of the Dungeon.
You worshipped Trog.
Trog was greatly pleased with you.
You were not hungry.

You visited 1 branch of the dungeon, and saw 7 of its levels.

You collected 309 gold pieces.
You spent 220 gold pieces at shops.

Inventory:

Hand Weapons
 a - a +1 hand axe of flaming (weapon)
Missiles
 b - 7 poisoned tomahawks (quivered)
Armour
 h - a +2 shield (worn)
 q - a +0 chain mail (worn)
Jewellery
 f - an uncursed ring of magical power
 l - a ring of protection from cold (right hand)
Wands
 p - a wand of digging (20/24)
Scrolls
 e - a scroll of fog
 g - a scroll of remove curse
 j - 8 scrolls of identify
 m - 2 scrolls of teleportation
Potions
 k - a potion of mutation {unknown}
 n - 2 potions of curing
Books
 o - a book of Maledictions

   Spells                             Type                      Level
   a - Corona                         Hexes                        1
   b - Ensorcelled Hibernation        Hexes/Ice                    2
   c - Confuse                        Hexes                        3
   d - Tukima's Dance                 Hexes                        3
   e - Dazzling Spray                 Conjuration/Hexes            3
   Trog disapproves of the use of such an item.
Comestibles
 c - 3 bread rations
 d - 2 meat rations
 i - 6 royal jellies


   Skills:
 + Level 5.1 Fighting
 + Level 7.6 Axes
 + Level 5.0 Armour
 + Level 4.4 Dodging
 + Level 2.2 Stealth
 + Level 5.9 Shields


You had 7 spell levels left.
You didn't know any spells.

Dungeon Overview and Level Annotations

Branches:
Dungeon (7/15)             Temple (0/1) D:4

Altars:
Gozag
Qazlal

Shops:
D:5 ?

Annotations:
D:7 Joseph


Innate Abilities, Weirdness & Mutations

You are resistant to damage.
You can heal yourself by infusing magical energy.
You passively map a small area around you.
You do not regenerate.


Message History

Joseph hits you with an uncursed quarterstaff!
* * * LOW HITPOINT WARNING * * *
You hit Joseph. You burn Joseph.
Joseph is heavily wounded.
Joseph hits you but does no damage.
You hit Joseph. You burn Joseph.
Joseph is heavily wounded.
Joseph hits you with an uncursed quarterstaff!
* * * LOW HITPOINT WARNING * * *
You closely miss Joseph.
Joseph is heavily wounded.
Joseph hits you with an uncursed quarterstaff.
* * * LOW HITPOINT WARNING * * *
You hit Joseph but do no damage.
Joseph is heavily wounded.
You block Joseph's attack.
You closely miss Joseph.
Joseph is heavily wounded.
Joseph hits you with an uncursed quarterstaff!
You die...

#..#
#.#####...........
#####..#
#.................
.......#
#######.#.#####.##*
#####..# #.#.# #
#..# #.#.# * #..#
##.#.# #..# #..#.#
* * #..#
##(##.####..# #..#
#..@@.....# , ,..#
#..##.##.## * * ,
#..##.# .# ,
#.(##.# .. #..##[^
.. , #..#### , #
#(†####### * *
#..F...... * ,
#..####### * *


You could see Joseph.

Vanquished Creatures
  Sigmund (D:5)
  The ghost of WobbleTop the Sneak, an amateur OpWr (D:3)
  A water moccasin (D:6)
  A black bear (D:6)
  An ice beast (D:5)
  3 centaurs
  A big kobold (D:4)
  2 bullfrogs
  2 howler monkeys
  2 crimson imps
  A bullfrog zombie (D:4)
  2 hounds
  An orc priest (D:4)
  2 bullfrog skeletons (D:5)
  6 worker ants
  Robin (D:3)
  2 worker ant zombies
  7 adders
  4 gnolls (D:6)
  A shadow imp (D:5)
  An ooze (D:3)
  4 worms
  3 dart slugs
  2 leopard geckos
  12 orcs
  2 giant cockroaches (D:2)
  11 goblins
  6 hobgoblins
  8 jackals
  20 kobolds
  5 quokkas
  A ball python (D:3)
  8 bats
  4 frilled lizards
  A jackal zombie (D:5)
  A quokka zombie (D:5)
  3 rats
134 creatures vanquished.

Notes
Turn   | Place    | Note
-------+----------+-------------------------------------------
     0 | D:1      | Gargoyl the Deep Dwarf Berserker began the quest for the Orb.
     0 | D:1      | Reached XP level 1. HP: 20/20 MP: 1/1
   219 | D:1      | Reached XP level 2. HP: 16/27 MP: 2/2
   894 | D:2      | HP: 1/28 [worm (4)]
   913 | D:2      | Found a stormy altar of Qazlal.
   914 | D:2      | Noticed a water elemental
   916 | D:2      | Noticed an air elemental
   920 | D:2      | Noticed an earth elemental
   920 | D:2      | Noticed a fire elemental
  1287 | D:2      | Reached XP level 3. HP: 29/34 MP: 2/2
  1332 | D:2      | Reached ** piety under Trog
  1731 | D:3      | Noticed WobbleTop's ghost (amateur OpWr)
  2036 | D:3      | Killed WobbleTop's ghost
  2036 | D:3      | Reached skill level 4 in Axes
  2036 | D:3      | Reached skill level 1 in Stealth
  2036 | D:3      | Reached XP level 4. HP: 32/44 MP: 2/2
  2036 | D:3      | Reached XP level 5. HP: 36/50 MP: 3/3
  2168 | D:3      | Noticed Robin
  2190 | D:3      | Killed Robin
  2220 | D:3      | Found an opulent altar of Gozag.
  2828 | D:4      | Reached XP level 6. HP: 39/57 MP: 3/3
  3184 | D:4      | Reached *** piety under Trog
  3378 | D:4      | Found a staircase to the Ecumenical Temple.
  3493 | D:4      | Reached skill level 5 in Axes
  3493 | D:4      | Reached XP level 7. HP: 64/64 MP: 2/2
  3861 | D:5      | Entered Level 5 of the Dungeon
  3894 | D:5      | Found Naojouwyo's Magic Scroll Emporium.
  3906 | D:5      | Bought a scroll of brand weapon for 220 gold pieces
  4233 | D:5      | Reached **** piety under Trog
  4485 | D:5      | Noticed Sigmund
  4496 | D:5      | Killed Sigmund
  4496 | D:5      | Reached skill level 6 in Axes
  4496 | D:5      | Reached XP level 8. HP: 52/73 MP: 3/3
  4678 | D:6      | Reached skill level 5 in Shields
  4852 | D:6      | Reached skill level 5 in Fighting
  4943 | D:6      | Reached skill level 7 in Axes
  5323 | D:7      | Noticed Joseph
  5326 | D:7      | Reached skill level 5 in Armour
  5338 | D:7      | HP: 3/74 [Joseph/uncursed quarterstaff (4)]
  5340 | D:7      | Slain by Joseph

Skill      XL: |  1  2  3  4  5  6  7  8 |
---------------+-------------------------+-----
Fighting       | 3 4 5 |  5.1
Axes           | 4 5 6 7 |  7.6
Dodging        | 3 4 |  4.4
Stealth        | 1 2 |  2.2
Shields        | 2 3 4 5 |  5.9
Armour         | 4 5 |  5.0

Action                   |  1- 3 |  4- 6 |  7- 9 || total
-------------------------+-------+-------+-------++-------
Melee: Hand axe          |   210 |   199 |   237 ||   646
Throw: Tomahawk          |       |     2 |       ||     2
Invok: Berserk           |       |     1 |       ||     1
 Abil: Heal Wounds       |     6 |     5 |     5 ||    16
  Use: Scroll            |     4 |     3 |     4 ||    11
       Potion            |     3 |       |     2 ||     5
 Stab: Invisible         |     2 |       |       ||     2
       Sleeping          |       |     1 |       ||     1
  Eat: Chunk             |     3 |     6 |     7 ||    16
Armor: Animal skin       |    21 |     7 |       ||    28
       Chain mail        |       |    31 |   107 ||   138
Dodge: Dodged            |    65 |    91 |    62 ||   218
Block: Shield            |    90 |   145 |   164 ||   399
